 Dungeon Crawl Stone Soup version 0.32-a0-673-g3729bd50f8 (webtiles) character file.

Game seed: 1095481291021183221

10 ragingrage the Insei (level 2, 0/16 HPs)
             Began as a Kobold Shapeshifter on Mar 10, 2024.
             Frozen to death by an endoplasm (1 damage)
             ... on level 1 of the Dungeon.
             The game lasted 00:00:33 (533 turns).

ragingrage the Insei (Kobold Shapeshifter)           Turns: 533, Time: 00:00:33

Health: 0/16       AC:  2    Str: 11    XL:     2   Next: 30%
Magic:  2/2        EV: 14    Int: 11    God:
Gold:   45         SH:  0    Dex: 14    Spells: 1/1 levels left

rFire   . . .        f - +0 short sword
rCold   . . .        (no shield)
rNeg    . . .        a - +0 animal skin
rPois   .            (helmet currently unavailable)
rElec   .            (cloak currently unavailable)
rCorr   .            (gloves currently unavailable)
SInv    .            (boots currently unavailable)
Will    .....        (no amulet)
Stlth   +++          (no ring)
HPRegen 0.22/turn    (no ring)
MPRegen 0.08/turn

%: no passive effects
@: about to teleport, beast-form, hasted, very quick
A: beast (slay +1), small, no large weapons, nightstalker 3
a: Begin Untransformation


You were on level 1 of the Dungeon.
You were a hulking beast.
You visited 1 branch of the dungeon, and saw 1 of its levels.

You collected 45 gold pieces.

Inventory:

Hand Weapons
 f - a +0 short sword (weapon)
Armour
 a - a +0 animal skin (worn)
Talismans
 c - a beast talisman (active)
 d - a flux talisman
Scrolls
 i - a scroll of identify {unknown}
Potions
 b - a potion of lignification
 h - a potion of degeneration {unknown}


   Skills:
 - Level 1.1 Fighting
 + Level 0.5 Short Blades
 - Level 2.4 Dodging
 + Level 1.3 Stealth
 - Level 3.3 Unarmed Combat
 - Level 3.0 Shapeshifting


You had one spell level left.
You didn't know any spells.
Your spell library was empty.

Dungeon Overview and Level Annotations

Branches:
Dungeon (1/15)

Altars:

Annotations:
D:1 exclusions: gnoll and hobgoblin


Innate Abilities, Weirdness & Mutations

You are a hulking beast.
Your limbs bulge with bestial killing power. (Slay +1)
You are small and have problems with some larger weapons.
You are completely attuned to the shadows.


Message History

You hit the rat.
You kill the rat!
i - a scroll labelled HONYRI JOIRIA You now have 32 gold pieces (gained 10).
No target in view!
You now have 45 gold pieces (gained 13).
A quokka comes into view.
A quokka is nearby!
You hit the quokka but do no damage. The quokka bites you.
A quokka is nearby!
You closely miss the quokka. The quokka barely misses you.
The quokka bites you.
A quokka is nearby!
You closely miss the quokka. The quokka misses you.
A quokka is nearby!
You hit the quokka. The quokka closely misses you.
You closely miss the quokka. The quokka barely misses you.
You hit the quokka.
You kill the quokka!
You see here a quokka corpse.
No target in view!
A gnoll comes into view. It is wielding a +0 whip.
Found a stone staircase leading down.
A gnoll is nearby!
An endoplasm comes into view.
There are monsters nearby!
An endoplasm comes into view.
There are monsters nearby!
The helpless gnoll fails to defend itself.
You hit the gnoll. The gnoll hits you with a +0 whip!
Ouch! That really hurt!
The endoplasm quivers.
As you read the scroll labelled GALAEC CODUGE, it crumbles to dust.
You feel strangely unstable.
It was a scroll of teleportation.
The gnoll hits you with a +0 whip.
* * * LOW HITPOINT WARNING * * *
It was a potion of haste.
You feel yourself speed up. The gnoll misses you. The endoplasm freezes you.
You are frozen.
You die...

.#.#.#... .#(#.##..
...#.# #### ## #J# #.
##### #........ #...#
##.#.#.#. #...###
#....>.(. ......#
##J#g#.# ......#
#..h..... ......#
###.#.#.#.
......#..####.........
...>..........#.#.#.#.
.#...#.#.#.#..###.###
.#............# #
.#.#.#.#.#.#.##
.#.#.........#
.#.#.#.#.#.#.#


You could see a gnoll and an endoplasm.

Vanquished Creatures
  3 hobgoblins (D:1)
  3 quokkas (D:1)
  A ball python (D:1)
  A kobold (D:1)
  A rat (D:1)
9 creatures vanquished.

Notes
Turn   | Place    | Note
-------+----------+-------------------------------------------
     0 | D:1      | ragingrage the Kobold Shapeshifter began the quest for the
                  | Orb.
     0 | D:1      | Reached XP level 1. HP: 12/12 MP: 1/1
   268 | D:1      | Reached XP level 2. HP: 16/16 MP: 2/2
   289 | D:1      | Reached skill level 1 in Stealth
   533 | D:1      | Frozen to death by an endoplasm

Illustrated notes

Levels and vault maps discovered:
D:1:      dpeg_arrival_tiny_h, layout_loops_ring, serial_glass, glass_columns_c,
          glass_columns_b, glass_columns_b, glass_columns_a, glass_columns_a,
          glass_columns_a, glass_columns_c, glass_columns_a, st_stairs_11,
          minmay_box_of_dots

Skill      XL: |  1  2 |
---------------+-------+-----
Stealth        | 1 |  1.3
Fighting       | |  1.1
Short Blades   | |  0.5
Dodging        | |  2.4
Unarmed Combat | |  3.3
Shapeshifting  | |  3.0

Action                     || total
---------------------------++-------
  Melee: Unarmed           ||    13
         Short sword       ||    17
    Use: Scroll            ||     1
         Potion            ||     1
   Stab: Sleeping          ||     5
 Armour: Animal skin       ||    12
  Dodge: Dodged            ||    15

Table legend: (Time is in decaauts)
 A = Elapsed time spent in this place.
 B = Non-inter-level travel time spent in this place.
 C = Inter-level travel time spent in this place.
 D = Time resting spent in this place.
 E = Time spent auto-exploring this place.
 F = Levels seen in this place.
 G = Mean time per level.
                   A        B        C        D        E       F      G
               +--------+--------+--------+--------+--------+-----+--------+
         Total |    531 |    531 |      0 |      0 |    439 |   1 |  531.0 |
       Dungeon |    531 |    531 |      0 |      0 |    439 |   1 |  531.0 |
               +--------+--------+--------+--------+--------+-----+--------+

Top non-repeatable levels by time:
     D:1: 531 daAuts
